 Dungeon Crawl Stone Soup version 0.22.1-1-ga44c0e56f4 (webtiles) character file.

29395 grizmgrazm2 the Martial Artist (level 13, 0/90 HPs)
             Began as an Octopode Monk on Nov 6, 2018.
             Was the Champion of Elyvilon.
             Slain by a troll (12 damage)
             ... on level 9 of the Dungeon.
             The game lasted 01:13:35 (29317 turns).

grizmgrazm2 the Martial Artist (Octopode Monk)     Turns: 29317, Time: 01:13:36

Health: 0/90       AC:  1    Str: 11    XL:     13   Next: 45%
Magic:  18/22      EV: 20    Int: 13    God:    Elyvilon [******]
Gold:   337        SH:  2    Dex: 18    Spells: 16/25 levels left

rFire    . . .     SeeInvis .     - Unarmed
rCold    . . .     Gourm    .   (no shield)
rNeg     . . .     Faith    .   (helmet restricted)
rPois    .         Spirit   .   C - +2 amulet of reflection
rElec    .         Reflect  +   (no ring)
rCorr    .         Harm     .   (no ring)
MR       .....                  (no ring)
Stlth    ++++......             (no ring)
HPRegen  0.25/turn              (no ring)
MPRegen  0.18/turn              (no ring)
                                (no ring)
                                (no ring)

@: about to teleport, very slightly contaminated
A: almost no armour, stealthy swim, amphibious, 8 rings, constrict 8, camouflage
1, gelatinous body 1
a: Lesser Healing, Heal Other, Purification, Greater Healing, Divine Vigour,
Divine Protection, Renounce Religion


You were on level 9 of the Dungeon.
You worshipped Elyvilon.
Elyvilon was exalted by your worship.
You were hungry.

You visited 4 branches of the dungeon, and saw 17 of its levels.

You collected 795 gold pieces.
You spent 458 gold pieces at shops.

Inventory:

Hand Weapons
 v - a +1 blowgun
Missiles
 w - 7 curare-tipped needles
 B - 5 tomahawks (quivered)
Magical Staves
 o - an uncursed staff of power
Jewellery
 f - a +4 amulet of reflection
 t - an uncursed ring of ice
 C - a +2 amulet of reflection (around mantle)
Wands
 b - a wand of iceblast (4)
 j - a wand of flame (54)
 k - a wand of digging (20)
 l - a wand of polymorph (16)
 y - a wand of enslavement (8)
 G - a wand of scattershot (4)
Scrolls
 g - 10 scrolls of remove curse
 m - 6 scrolls of identify
 p - a scroll of fear
 s - a scroll of amnesia
Potions
 d - a potion of magic
 n - 5 potions of brilliance
 u - a potion of ambrosia
 x - 2 potions of flight
 E - a potion of mutation {unknown}
Comestibles
 a - 22 rations
 c - a chunk of flesh


   Skills:
 - Level 9.0 Fighting
 - Level 4.8 Throwing
 - Level 8.9 Dodging
 - Level 5.1 Stealth
 - Level 12.0 Unarmed Combat
 + Level 6.6 Spellcasting
 + Level 7.3 Conjurations
 + Level 7.3 Fire Magic
 - Level 6.7 Invocations
 - Level 2.0 Evocations


You had 16 spell levels left.
You knew the following spells:

 Your Spells              Type           Power        Failure   Level  Hunger
a - Sticky Flame          Conj/Fire      ###.....     8%          4    ####...
b - Fireball              Conj/Fire      ###.......   22%         5    ######.

Your spell library contained the following spells:

 Spells                   Type           Power        Failure   Level  Hunger
 Flame Tongue             Conj/Fire      ###..        1%          1    None
 Magic Dart               Conj           ###.         1%          1    None
 Searing Ray              Conj           ###...       1%          2    #......
 Throw Flame              Conj/Fire      ###...       1%          2    #......
 Conjure Flame            Conj/Fire      ###.....     2%          3    ###....
 Iskenderun's Mystic Bla  Conj           ###.....     8%          4    ####...
 Dazzling Spray           Conj/Hex       ##....       11%         3    ###....
 Inner Flame              Hex/Fire       ##......     11%         3    ###....
 Force Lance              Conj/Tloc      ##......     34%         4    ####...
 Fulminant Prism          Conj/Hex       ##........   34%         4    ####...


Dungeon Overview and Level Annotations

Branches:
Dungeon (11/15)            Temple (1/1) D:7            Lair (4/6) D:9
  Swamp (0/4) Lair:2       Spider (0/4) Lair:4          Orc (1/2) D:9

Altars:
Ashenzari
Cheibriados
Dithmenos
Elyvilon
Fedhas
Gozag
Hepliaklqana
Kikubaaqudgha
Makhleb
Nemelex Xobeh
Okawaru
Qazlal
Ru
Sif Muna
Trog
Uskayaw
Vehumet
Wu Jian
Xom
Yredelemnul
Zin
The Shining One
Beogh

Shops:
D:10 *


Innate Abilities, Weirdness & Mutations

You cannot wear most types of armour.
You are very stealthy in the water. (Stealth+)
You are amphibious.
You can wear up to eight rings at the same time.
You can use your tentacles to constrict eight enemies at once.
Your skin changes colour to match your surroundings (Stealth+).
Your rubbery body absorbs attacks. (AC +1, EV +1)


Message History

Press: ? - help, Shift-Dir - straight line, f/p - troll
Aim: a troll The bolt of acid misses the troll.
The now-empty wand crumbles to dust.
The troll barely misses you. The troll closely misses you.
The troll completely misses you.
Casting: Sticky Flame (safe; 8% risk of failure)
Confirm with . or Enter, or press ? or * to list all spells.
Aiming: Sticky Flame (safe; 8% risk of failure)
Press: ? - help, Shift-Dir - straight line, f/p - troll
Aim: a troll You miscast Sticky Flame.
You are very lightly contaminated with residual magic.
Heat runs through your body. The orc warrior hits you with a flail!
The troll misses you. x2; The troll claws you!
* * * LOW HITPOINT WARNING * * *
As you read the scroll of teleportation, it crumbles to dust.
You feel strangely unstable. The orc warrior hits you with a flail!
* * * LOW HITPOINT WARNING * * *
The troll completely misses you. The troll claws you!
You die...

####### #...... ###########
######...... #.........#
###....'......
#.........##########...####......
#.........#..#8...8#.### #......
#.........'.##.[[/.### #......
#............#..@T.# #....).
#####'######.#..o).# #......
#..## #.#8)[.8# #...... ##..#
#.###'##### ##'#### #######)##
#.....[...# #.[..# .........#
#########.# #####.# .........#
###(######...... .........#
###.).(......).... .........#
#####.(.####..........


You could see a troll and an orc warrior.

Vanquished Creatures
  A stone giant (D:9)
  Harold (D:10)
  A hydra (Lair:4)
  Erica (D:8)
  2 two-headed ogres
  Sonja (Lair:3)
  Nergalle (Lair:1)
  A cyclops (D:11)
  An ugly thing (D:11)
  2 black mambas
  3 elephants (Lair:4)
  Maurice (D:9)
  3 rime drakes
  4 komodo dragons
  4 spiny frogs
  4 trolls
  3 jumping spiders (Lair:4)
  2 hornets
  3 bog bodies (Lair:2)
  7 blink frogs
  3 hippogriffs
  Sigmund (D:4)
  A shadow (D:11)
  13 yaks
  A steam dragon (D:9)
  A hungry ghost (D:9)
  3 basilisks
  A swamp worm (Lair:2)
  2 soldier ants (D:9)
  10 water moccasins
  8 porcupines
  6 orc warriors
  2 ice beasts
  11 ogres
  3 sky beasts
  4 black bears
  2 phantoms
  13 wolves
  10 centaurs
  11 crocodiles
  5 big kobolds (D:9)
  12 bullfrogs
  A wyvern zombie (D:10)
  2 gnoll sergeants (D:9)
  9 killer bees
  2 electric eels (Lair:2)
  A howler monkey (D:5)
  2 bullfrog zombies
  6 crimson imps
  2 jellies
  2 quasits (D:8)
  3 orc priests
  A centaur zombie (D:10)
  5 hounds
  5 orc wizards
  A bullfrog skeleton (D:6)
  2 centaur skeletons
  2 iguanas
  Natasha (thrice) (D:2 D:4)
  2 hell rats (Lair:4)
  7 worker ants
  A hound skeleton (D:10)
  A worker ant zombie (D:7)
  10 adders
  8 gnolls
  5 river rats (Lair:4)
  3 shadow imps
  An ooze (D:1)
  2 adder zombies
  3 adder skeletons
  3 worms
  2 dart slugs (D:1)
  4 leopard geckos
  32 orcs
  2 ball pythons
  6 giant cockroaches
  9 goblins
  7 hobgoblins
  15 jackals
  7 quokkas
  9 bats
  5 frilled lizards
  A jackal skeleton (D:6)
  A jackal zombie (D:7)
  10 kobolds
  13 rats
387 creatures vanquished.

Vanquished Creatures (others)
  A wolf (Lair:2)
  13 fungi
  14 plants
  3 withered plants (D:9)
31 creatures vanquished.

Grand Total: 418 creatures vanquished

Notes
Turn   | Place    | Note
-------+----------+-------------------------------------------
     0 | D:1      | grizmgrazm2 the Octopode Monk began the quest for the Orb.
     0 | D:1      | Reached XP level 1. HP: 16/16 MP: 1/1
    92 | D:1      | Reached XP level 2. HP: 8/21 MP: 2/2
   486 | D:1      | Reached XP level 3. HP: 19/26 MP: 3/3
  1149 | D:2      | Reached XP level 4. HP: 31/31 MP: 4/4
  1203 | D:2      | Noticed Natasha
  1214 | D:2      | Killed Natasha
  1214 | D:2      | Reached skill level 4 in Unarmed Combat
  1338 | D:2      | Noticed Natasha
  2130 | D:3      | Reached XP level 5. HP: 33/36 MP: 5/5
  3205 | D:4      | Reached skill level 1 in Throwing
  3205 | D:4      | Reached XP level 6. HP: 37/43 MP: 6/6
  3227 | D:4      | Killed Natasha
  3227 | D:4      | Reached skill level 5 in Unarmed Combat
  3716 | D:4      | Noticed Natasha
  3719 | D:4      | Killed Natasha
  3729 | D:4      | Noticed a phantom
  3760 | D:4      | Killed a phantom
  3760 | D:4      | Reached skill level 5 in Stealth
  3760 | D:4      | Reached XP level 7. HP: 39/48 MP: 7/7
  3821 | D:4      | Noticed Sigmund
  3831 | D:4      | Killed Sigmund
  4115 | D:5      | Entered Level 5 of the Dungeon
  4194 | D:5      | Found a basalt altar of Yredelemnul.
  4226 | D:5      | Reached skill level 6 in Unarmed Combat
  4441 | D:5      | Reached XP level 8. HP: 43/54 MP: 8/8
  4772 | D:5      | Reached skill level 5 in Fighting
  4772 | D:5      | Reached skill level 5 in Dodging
  5489 | D:6      | Reached skill level 7 in Unarmed Combat
  5644 | D:5      | HP: 2/56 [something (6)]
  6389 | D:6      | Paralysed by a hobgoblin for 5 turns
  7084 | D:6      | Reached XP level 9. HP: 48/62 MP: 9/9
  7264 | D:7      | Found a staircase to the Ecumenical Temple.
  7401 | Temple   | Entered the Ecumenical Temple
  7443 | Temple   | Became a worshipper of Elyvilon the Healer
  7443 | Temple   | Reached * piety under Elyvilon
  7443 | Temple   | Reached ** piety under Elyvilon
  7528 | D:7      | Found an opulent altar of Gozag.
  7528 | D:7      | Found a glowing silver altar of Zin.
  7626 | D:7      | Found a radiant altar of Vehumet.
  7635 | D:7      | Found an iron altar of Okawaru.
  7647 | D:7      | Reached skill level 8 in Unarmed Combat
  7650 | D:7      | Reached skill level 1 in Invocations
  8804 | D:8      | Found a flagged portal.
  8856 | D:8      | Noticed Erica
  8868 | D:8      | Killed Erica
  8868 | D:8      | Reached skill level 9 in Unarmed Combat
  8868 | D:8      | Reached XP level 10. HP: 59/69 MP: 10/12
  9237 | D:8      | Reached *** piety under Elyvilon
  9919 | D:9      | Found a staircase to the Lair.
  9974 | D:9      | Found an ancient bone altar of Kikubaaqudgha.
 10389 | D:9      | Reached skill level 10 in Unarmed Combat
 10530 | D:9      | Found a shattered altar of Ashenzari.
 10558 | D:9      | Found a blossoming altar of Fedhas.
 10561 | D:9      | Found an ornate altar of the Wu Jian Council.
 10564 | D:9      | Found a hazy altar of Hepliaklqana.
 11155 | D:9      | Reached skill level 5 in Invocations
 11436 | D:9      | Noticed a two-headed ogre
 11658 | D:9      | Found a staircase to the Orcish Mines.
 11899 | D:9      | Killed a two-headed ogre
 11899 | D:9      | Reached XP level 11. HP: 41/77 MP: 15/15
 12309 | Lair:1   | Entered Level 1 of the Lair of Beasts
 12309 | Lair:1   | Reached **** piety under Elyvilon
 12880 | Lair:1   | Reached skill level 11 in Unarmed Combat
 13401 | Lair:1   | Noticed Nergalle
 14321 | Lair:2   | Noticed a seven-headed hydra
 14323 | Lair:2   | Pacified a seven-headed hydra
 15164 | D:10     | Entered Level 10 of the Dungeon
 15164 | D:10     | Found Tase's Assorted Antiques.
 15169 | D:10     | Bought a bubbling cyan potion for 26 gold pieces
 15169 | D:10     | Bought a worn silver wand for 116 gold pieces
 15169 | D:10     | Bought a fuming blue potion for 26 gold pieces
 15169 | D:10     | Bought a short gold wand for 116 gold pieces
 15169 | D:10     | Bought a wand of iceblast (10) for 116 gold pieces
 15894 | D:10     | Noticed Harold
 15913 | D:10     | Elyvilon protects you from harm!
 15917 | D:10     | Killed Harold
 15917 | D:10     | Reached skill level 1 in Evocations
 16725 | D:11     | Reached ***** piety under Elyvilon
 16756 | D:11     | Reached skill level 12 in Unarmed Combat
 17130 | D:11     | Learned a level 4 spell: Sticky Flame
 17130 | D:11     | Noticed a red ugly thing
 17147 | D:11     | Killed a red ugly thing
 17147 | D:11     | Reached XP level 12. HP: 35/85 MP: 17/17
 17637 | D:11     | Reached skill level 1 in Spellcasting
 17637 | D:11     | Reached skill level 1 in Conjurations
 17637 | D:11     | Reached skill level 1 in Fire Magic
 17699 | D:11     | Noticed a two-headed ogre
 17705 | D:11     | Killed a two-headed ogre
 18552 | D:11     | Paralysed by a hornet for 2 turns
 19059 | D:10     | Bought a scroll of fog for 58 gold pieces
 19286 | Orc:1    | Entered Level 1 of the Orcish Mines
 19286 | Orc:1    | Noticed Maurice
 20513 | Lair:2   | HP: 4/85 [bog body/bolt of cold (16)]
 20881 | Lair:2   | Found a staircase to the Swamp.
 22217 | Lair:3   | Reached skill level 5 in Fire Magic
 22220 | Lair:3   | Reached skill level 5 in Conjurations
 22370 | Lair:3   | Learned a level 5 spell: Fireball
 22785 | Lair:3   | Noticed Sonja
 22881 | Lair:3   | Killed Sonja
 22881 | Lair:3   | Reached skill level 5 in Spellcasting
 23813 | Lair:4   | Reached XP level 13. HP: 74/90 MP: 15/20
 24525 | Lair:4   | Reached ****** piety under Elyvilon
 26075 | Lair:4   | Found a hole to the Spider Nest.
 26983 | Lair:1   | Killed Nergalle
 27824 | Orc:1    | Noticed a stone giant
 28928 | D:9      | Killed Maurice
 28998 | D:9      | Killed a stone giant
 29242 | Orc:1    | Found a roughly hewn altar of Beogh.
 29317 | D:9      | Slain by a troll

Skill      XL: |  1  2  3  4  5  6  7  8  9 10 11 12 13 |
---------------+----------------------------------------+-----
Stealth        | 3 4 5 |  5.1
Unarmed Combat | 4 5 6 7 9 10 12 | 12.0
Throwing       | 1 2 4 |  4.8
Fighting       | 4 5 6 8 9 |  9.0
Dodging        | 4 5 6 7 8 |  8.9
Invocations    | 3 5 6 |  6.7
Evocations     | 2 |  2.0
Spellcasting   | 5 6 |  6.6
Conjurations   | 5 7 |  7.3
Fire Magic     | 5 7 |  7.3

Action                   |  1- 3 |  4- 6 |  7- 9 | 10-12 | 13-15 || total
-------------------------+-------+-------+-------+-------+-------++-------
Melee: Unarmed           |    74 |   132 |   221 |   646 |   146 ||  1219
       Constrict         |    26 |    30 |    40 |    89 |    24 ||   209
       Tentacles         |    12 |    25 |    50 |   147 |    38 ||   272
       Punch             |       |     5 |     8 |    70 |    25 ||   108
 Fire: Blowgun           |       |       |       |       |    11 ||    11
Throw: Stone             |       |    21 |       |       |       ||    21
       Javelin           |       |    15 |    29 |    98 |    38 ||   180
       Throwing net      |       |       |     6 |     3 |     1 ||    10
       Tomahawk          |       |       |       |       |     6 ||     6
 Cast: Sticky Flame      |       |       |       |     5 |    12 ||    17
       Fireball          |       |       |       |       |     5 ||     5
Invok: Heal Other        |       |       |       |     2 |       ||     2
Evoke: Wand              |       |       |     4 |    70 |    14 ||    88
  Use: Scroll            |     1 |    11 |     6 |    14 |    10 ||    42
       Potion            |       |     4 |     3 |     6 |     2 ||    15
 Stab: Sleeping          |     8 |    11 |     8 |    20 |     5 ||    52
       Distracted        |       |     1 |     2 |     3 |       ||     6
       Paralysed         |       |       |    13 |    31 |       ||    44
       Held in net/web   |       |       |     1 |       |       ||     1
       Invisible         |       |       |       |       |     2 ||     2
  Eat: Chunk             |       |     9 |     9 |    31 |     5 ||    54
       Ration            |       |       |     2 |     5 |     5 ||    12
Armor: Skin              |     3 |     8 |     4 |    21 |       ||    36
Dodge: Dodged            |    48 |    58 |   127 |   419 |   164 ||   816
Block: Other             |       |    18 |    28 |    22 |     2 ||    70
       Reflection        |       |       |     3 |       |       ||     3
